 Dungeon Crawl Stone Soup version 0.29-a0-352-g0917bc69df (webtiles) character file.

Game seed: 11702804611139303431

308 spaghetti the Arsonist (level 6, -9/44 HPs)
             Began as a Gnoll Wanderer on Apr 24, 2022.
             Killed by divine providence
             ... invoked by an orc priest
              (13 damage)
             ... on level 4 of the Dungeon.
             The game lasted 00:07:33 (3843 turns).

spaghetti the Arsonist (Gnoll Wanderer)             Turns: 3843, Time: 00:07:34

Health: -9/44      AC:  4    Str:  8    XL:     6   Next: 40%
Magic:  5/16       EV: 12    Int: 14    God:
Gold:   148        SH:  0    Dex: 14    Spells: 12/19 levels left

rFire   . . .      SeeInvis +   a - +0 dagger {short}
rCold   . . .      Faith    .   (no shield)
rNeg    . . .      Spirit   .   c - +0 robe
rPois   .          Reflect  .   (no helmet)
rElec   .          Harm     .   (no cloak)
rCorr   .          Rampage  .   r - +1 pair of gloves
Will    .....                   (no boots)
Stlth   ++........              (no amulet)
HPRegen 0.14/turn               z - ring of see invisible
MPRegen 0.15/turn               (no ring)

@: no status effects
A: fangs 1, strong nose, distributed training
a: no special abilities


You were on level 4 of the Dungeon.
You visited 1 branch of the dungeon, and saw 4 of its levels.

You collected 172 gold pieces.
You spent 24 gold pieces at shops.


Innate Abilities, Weirdness & Mutations

You have very sharp teeth.
Your uncanny sense of smell can sniff out nearby items.
Your experience applies equally to all skills.


   Skills:
 + Level 2.0 Fighting
 + Level 2.0 Short Blades
 + Level 2.0 Long Blades
 + Level 2.0 Axes
 + Level 2.0 Maces & Flails
 + Level 2.0 Polearms
 + Level 2.0 Staves
 + Level 2.0 Slings
 + Level 2.0 Bows
 + Level 2.0 Crossbows
 + Level 2.0 Throwing
 + Level 2.0 Armour
 + Level 2.0 Dodging
 + Level 2.0 Stealth
 + Level 2.0 Shields
 + Level 2.0 Unarmed Combat
 + Level 7.4 Spellcasting
 + Level 1.5 Conjurations
 + Level 1.5 Hexes
 + Level 1.5 Summonings
 + Level 1.5 Necromancy
 + Level 1.5 Translocations
 + Level 2.6 Transmutations
 + Level 8.9 Fire Magic
 + Level 1.5 Ice Magic
 + Level 1.5 Air Magic
 + Level 1.5 Earth Magic
 + Level 1.5 Poison Magic
 + Level 2.1 Invocations
 + Level 3.2 Evocations


You had 12 spell levels left.
You knew the following spells:

 Your Spells              Type           Power      Damage    Failure   Level
a - Foxfire               Conj/Fire      76%        2x1d7     1%          1
b - Passwall              Tmut/Erth      9%         N/A       9%          2
c - Flame Wave            Conj/Fire      19%        2d6       16%         4

Your spell library contained the following spells:

 Spells                   Type           Power      Damage    Failure   Level
 Conjure Flame            Conj/Fire      19%        6-21      4%          3
 Wereblood                Tmut           12%        N/A       7%          2
 Animate Skeleton         Necr           18%        N/A       8%          1
 Apportation              Tloc           18%        N/A       8%          1
 Summon Small Mammal      Summ           36%        N/A       8%          1

Inventory:

Hand Weapons
 a - a +0 dagger (weapon) {short}
 t - a +2 hand axe of draining {axe}
   (You found it on level 3 of the Dungeon)
Missiles
 g - 92 stones {throwing}
 i - 6 poisoned darts {throwing}
 p - 5 boomerangs {throwing}
Armour
 c - a +0 robe (worn)
 r - a +1 pair of gloves (worn)
   (You found it on level 3 of the Dungeon)
 w - a +0 kite shield
   (You took it off a hobgoblin on level 3 of the Dungeon)
Jewellery
 z - a ring of see invisible (left hand)
   (You found it on level 3 of the Dungeon)
 C - a ring of resist corrosion
   (You took it off a hobgoblin on level 4 of the Dungeon)
Wands
 d - a wand of polymorph (6)
Scrolls
 b - a scroll of fog
 f - a scroll of immolation {!r!r}
 h - a scroll of brand weapon
 j - 3 scrolls of magic mapping {!r}
 k - 3 scrolls of identify {@r1}
 m - a scroll of fear
 n - a scroll of enchant armour {unknown}
 o - a scroll of noise {unknown}
 q - a scroll of vulnerability {unknown}
 v - a scroll of blinking {unknown}
 y - 3 scrolls of teleportation {unknown}
 A - a scroll of silence {unknown}
Potions
 e - 3 potions of haste {@q3}
 l - 3 potions of heal wounds {@q2}
 s - a potion of invisibility {unknown}
 u - 2 potions of might {unknown}
 x - a potion of degeneration {unknown}
 B - 2 potions of resistance {unknown}

Dungeon Overview and Level Annotations

Branches:
Dungeon (4/15)
 Temple: D:4-7

Altars:
Hepliaklqana

Shops:
D:3 ?(==

##.....##....'...#..
#.......#....#...#..
##......#....#...#..
##.....##...##...#..
#......#######...#..
#................#..
##.....##........#..
#.....##........#..
#.@ยง............#..
#.ยง.............#..
#...o.#######...#..
#.....# #...#..
#....)). ...##.
#........ ....#.
#..โ€ ....... ..#.
###...##... #. .....
... #.


You could see an orc priest.


Message History

Casting: Foxfire (safe; 1% risk of failure)
Confirm with . or Enter, or press ? or * to list all spells.
You conjure some foxfire!
The foxfire hits the orc. x2
An orc priest comes into view. It is wielding a +0 flail.
The foxfire hits the orc. ๐Ÿ˜Ž MP[-1]
You lost 1 mp, and now have 11/16 mp.
Casting: Foxfire (safe; 1% risk of failure)
Confirm with . or Enter, or press ? or * to list all spells.
You conjure some foxfire!
An orc comes into view. It is wielding a +0 hand axe.
The orc priest calls down the wrath of Beogh upon you.
Beogh smites you!
The foxfire hits the orc.
You kill the orc!
Your Fighting skill increases to level 2!
Your Short Blades skill increases to level 2!
Your Long Blades skill increases to level 2!
Your Axes skill increases to level 2!
Your Maces & Flails skill increases to level 2!
Your Polearms skill increases to level 2!
Your Staves skill increases to level 2!
Your Slings skill increases to level 2!
Your Bows skill increases to level 2!
Your Crossbows skill increases to level 2!
Your Throwing skill increases to level 2!
Your Armour skill increases to level 2!
Your Dodging skill increases to level 2!
Your Stealth skill increases to level 2!
Your Shields skill increases to level 2!
Your Unarmed Combat skill increases to level 2! ๐Ÿ˜ฎ HP[-12] MP[-1]
You take 12 damage, and now have 32/44 hp.
MASSIVE DAMAGE!! (PAUSE)
You lost 1 mp, and now have 10/16 mp.
Casting: Foxfire (safe; 1% risk of failure)
Confirm with . or Enter, or press ? or * to list all spells.
You conjure some foxfire!
The foxfire hits the orc priest but does no damage. x2
The foxfire hits the orc priest.
Casting: Foxfire (safe; 1% risk of failure)
Confirm with . or Enter, or press ? or * to list all spells.
You conjure some foxfire!
The foxfire hits the orc priest but does no damage.
The foxfire hits the orc. ๐Ÿ˜ฎ MP[-1]
You lost 1 mp, and now have 9/16 mp.
Casting: Foxfire (safe; 1% risk of failure)
Confirm with . or Enter, or press ? or * to list all spells.
You conjure some foxfire!
The foxfire hits the orc.
The foxfire hits the orc priest but does no damage.
The orc priest calls down the wrath of Beogh upon you.
Beogh smites you!
* * * LOW HITPOINT WARNING * * *
๐Ÿ˜จ HP[-15] MP[-1]
You take 15 damage, and now have 17/44 hp.
MASSIVE DAMAGE!! (PAUSE)
You lost 1 mp, and now have 8/16 mp.
Casting: Foxfire (safe; 1% risk of failure)
Confirm with . or Enter, or press ? or * to list all spells.
You conjure some foxfire!
The foxfire hits the orc.
You kill the orc!
The foxfire hits the orc priest but does no damage.
The orc priest calls down the wrath of Beogh upon you.
Beogh smites you!
* * * LOW HITPOINT WARNING * * *
๐Ÿ˜ฑ HP[-10] MP[-1]
You take 10 damage, and now have 7/44 hp.
MASSIVE DAMAGE!! (PAUSE)
You lost 1 mp, and now have 7/16 mp.
Casting: Foxfire (safe; 1% risk of failure)
Confirm with . or Enter, or press ? or * to list all spells.
You conjure some foxfire!
The foxfire hits the orc priest but does no damage. x2 ๐Ÿ˜ฑ MP[-1]
You lost 1 mp, and now have 6/16 mp.
Casting: Foxfire (safe; 1% risk of failure)
Confirm with . or Enter, or press ? or * to list all spells.
You conjure some foxfire!
The foxfire hits the orc priest but does no damage. x2 ๐Ÿ˜ฑ HP[+1] MP[-1]
You lost 1 mp, and now have 5/16 mp.
Casting: Foxfire (safe; 1% risk of failure)
Confirm with . or Enter, or press ? or * to list all spells.
You conjure some foxfire!
The foxfire hits the orc priest but does no damage.
The foxfire hits the orc priest.
The orc priest hits you with a +0 flail.
* * * LOW HITPOINT WARNING * * *
๐Ÿ˜ฑ HP[-4] MP[-1]
You take 4 damage, and now have 4/44 hp.
You lost 1 mp, and now have 4/16 mp.
Okay, then.
As you read the scroll of fear, it crumbles to dust.
You assume a fearsome visage.
The orc priest looks frightened!
The foxfire hits the orc priest.
Your attack snaps the orc priest out of its fear.
The foxfire hits the orc priest.
The orc priest barely misses you. ๐Ÿ˜ฑ MP[+1]
The orc priest calls down the wrath of Beogh upon you.
Beogh smites you!
You die...

Skill      XL: |  1  2  3  4  5  6 |
---------------+-------------------+-----
Transmutations | 2 |  2.6
Invocations    | 1 2 |  2.1
Fighting       | 1 2 |  2.0
Short Blades   | 1 2 |  2.0
Long Blades    | 1 2 |  2.0
Axes           | 1 2 |  2.0
Maces & Flails | 1 2 |  2.0
Polearms       | 1 2 |  2.0
Staves         | 1 2 |  2.0
Slings         | 1 2 |  2.0
Bows           | 1 2 |  2.0
Crossbows      | 1 2 |  2.0
Throwing       | 1 2 |  2.0
Armour         | 1 2 |  2.0
Dodging        | 1 2 |  2.0
Stealth        | 1 2 |  2.0
Shields        | 1 2 |  2.0
Unarmed Combat | 1 2 |  2.0
Conjurations   | 1 |  1.5
Hexes          | 1 |  1.5
Summonings     | 1 |  1.5
Necromancy     | 1 |  1.5
Translocations | 1 |  1.5
Ice Magic      | 1 |  1.5
Air Magic      | 1 |  1.5
Earth Magic    | 1 |  1.5
Poison Magic   | 1 |  1.5
Evocations     | 3 |  3.2
Spellcasting   | |  7.4
Fire Magic     | |  8.9

Action                   |  1- 3 |  4- 6 || total
-------------------------+-------+-------++-------
Melee: Dagger            |     1 |    13 ||    14
       Bite              |       |     1 ||     1
 Cast: Foxfire           |   111 |   161 ||   272
  Use: Scroll            |       |     5 ||     5
       Potion            |       |     3 ||     3
Armor: Robe              |     4 |     8 ||    12
Dodge: Dodged            |     8 |    28 ||    36

Levels and vault maps discovered:
D:1:      psy_arrival_basics, layout_loops_cross, basic_ecumenical_altar
D:2:      layout_rooms
D:3:      layout_rooms, mainiacjoe_overflow_catwalk, serial_shops, shop,
          shop_statue, nicolae_shop_hallway_stairs, nicolae_square_shop,
          dreamdust_princess_corridor, minmay_joined_circles
D:4:      minmay_wonky_spiral, layout_gridville, lemuel_tele_altar

Notes
Turn   | Place    | Note
-------+----------+-------------------------------------------
     0 | D:1      | spaghetti the Gnoll Wanderer began the quest for the Orb.
     0 | D:1      | spaghetti set off with the following items: a +0 dagger
                  | {short}, a scroll of fog, a +0 robe, a wand of polymorph
                  | (6); and the following spell memorised: Foxfire; and the
                  | following spells available to memorise: Conjure Flame,
                  | Wereblood, Passwall, Flame Wave
     0 | D:1      | Reached XP level 1. HP: 13/13 MP: 8/8
     0 | D:1      | magus.rc [v1.9.6]
    86 | D:1      | Reached skill level 2 in Transmutations
   280 | D:1      | Reached XP level 2. HP: 19/19 MP: 5/10
   419 | D:1      | Found a faded altar of an unknown god.
   799 | D:2      | Reached XP level 3. HP: 25/25 MP: 5/11
  1020 | D:2      | Reached skill level 1 in Invocations
  1076 | D:2      | Learned a level 2 spell: Passwall
  1243 | D:2      | Reached skill level 1 in Fighting
  1243 | D:2      | Reached skill level 1 in Short Blades
  1243 | D:2      | Reached skill level 1 in Long Blades
  1243 | D:2      | Reached skill level 1 in Axes
  1243 | D:2      | Reached skill level 1 in Maces & Flails
  1243 | D:2      | Reached skill level 1 in Polearms
  1243 | D:2      | Reached skill level 1 in Staves
  1243 | D:2      | Reached skill level 1 in Slings
  1243 | D:2      | Reached skill level 1 in Bows
  1243 | D:2      | Reached skill level 1 in Crossbows
  1243 | D:2      | Reached skill level 1 in Throwing
  1243 | D:2      | Reached skill level 1 in Armour
  1243 | D:2      | Reached skill level 1 in Dodging
  1243 | D:2      | Reached skill level 1 in Stealth
  1243 | D:2      | Reached skill level 1 in Shields
  1243 | D:2      | Reached skill level 1 in Unarmed Combat
  1381 | D:2      | magus.rc [v1.9.6]
  1516 | D:2      | Reached XP level 4. HP: 32/32 MP: 8/13
  1905 | D:3      | Found Xuucvonerer's Antique Weapon Emporium.
  2011 | D:3      | Found Xegej's Jewellery Shoppe.
  2035 | D:3      | Found Mukob's Jewellery Shop.
  2085 | D:3      | Reached skill level 1 in Conjurations
  2085 | D:3      | Reached skill level 1 in Hexes
  2085 | D:3      | Reached skill level 1 in Summonings
  2085 | D:3      | Reached skill level 1 in Necromancy
  2085 | D:3      | Reached skill level 1 in Translocations
  2085 | D:3      | Reached skill level 1 in Ice Magic
  2085 | D:3      | Reached skill level 1 in Air Magic
  2085 | D:3      | Reached skill level 1 in Earth Magic
  2085 | D:3      | Reached skill level 1 in Poison Magic
  2221 | D:3      | Found a hazy altar of Hepliaklqana.
  2235 | D:3      | Learned a level 4 spell: Flame Wave
  2271 | D:3      | Found Quluf's Magic Scroll Emporium.
  2312 | D:3      | Bought a scroll of identify for 24 gold pieces
  2541 | D:3      | Reached XP level 5. HP: 36/37 MP: 1/14
  3044 | D:4      | Noticed a phantom
  3060 | D:4      | Killed a phantom
  3061 | D:4      | Reached skill level 3 in Evocations
  3158 | D:4      | You pick up a book of Cantrips and begin reading...
  3158 | D:4      | You add the spells Animate Skeleton, Summon Small Mammal
                  | and Apportation to your library.
  3184 | D:4      | Reached skill level 2 in Invocations
  3184 | D:4      | Reached XP level 6. HP: 34/44 MP: 9/16
  3835 | D:4      | Reached skill level 2 in Fighting
  3835 | D:4      | Reached skill level 2 in Short Blades
  3835 | D:4      | Reached skill level 2 in Long Blades
  3835 | D:4      | Reached skill level 2 in Axes
  3835 | D:4      | Reached skill level 2 in Maces & Flails
  3835 | D:4      | Reached skill level 2 in Polearms
  3835 | D:4      | Reached skill level 2 in Staves
  3835 | D:4      | Reached skill level 2 in Slings
  3835 | D:4      | Reached skill level 2 in Bows
  3835 | D:4      | Reached skill level 2 in Crossbows
  3835 | D:4      | Reached skill level 2 in Throwing
  3835 | D:4      | Reached skill level 2 in Armour
  3835 | D:4      | Reached skill level 2 in Dodging
  3835 | D:4      | Reached skill level 2 in Stealth
  3835 | D:4      | Reached skill level 2 in Shields
  3835 | D:4      | Reached skill level 2 in Unarmed Combat
  3838 | D:4      | HP: 7/44 [orc priest/divine providence (10)]
  3843 | D:4      | Killed from afar by an orc priest

Vanquished Creatures
  A phantom (D:4)
  A scorpion (D:4)
  5 adders
  2 worms
  A dart slug (D:2)
  16 orcs
  9 bats
  5 endoplasms
  3 giant cockroaches
  6 goblins
  11 hobgoblins
  8 jackals
  6 quokkas
  5 ball pythons
  6 frilled lizards
  7 kobolds
  5 rats
97 creatures vanquished.

Vanquished Creatures (others)
  427 foxfires
427 creatures vanquished.

Grand Total: 524 creatures vanquished

Table legend:
 A = Non-vault XP
 B = Vault XP
 C = Vault XP percentage of total XP
 D = Non-vault monster count
 E = Vault monster count
 F = Vault count percentage of total count
                 A         B        C        D         E       F
            +---------+---------+-------+---------+---------+-------
      Total |     281 |     159 |  36.1 |      73 |      24 |  24.7
            +---------+---------+-------+---------+---------+-------
        D:1 |      20 |       0 |   0.0 |      12 |       0 |   0.0
        D:2 |      75 |       0 |   0.0 |      22 |       0 |   0.0
        D:3 |      35 |      46 |  56.8 |      17 |      19 |  52.8
        D:4 |     151 |     113 |  42.8 |      22 |       5 |  18.5
            +---------+---------+-------+---------+---------+-------

Illustrated notes

Table legend:
 A = Kills in this place as a percentage of kills in entire the game.
 B = Kills by you in this place as a percentage of kills by you in the entire game.
 C = Kills by friends in this place as a percentage of kills by friends in the entire game.
 D = Other kills in this place as a percentage of other kills in the entire game.
 E = Experience gained in this place as a percentage of experience gained in the entire game.
 F = Experience gained in this place divided by the number of levels of this place that you have seen.
                   A       B       C       D       E      F
               +-------+-------+-------+-------+-------+----------------------
         Total | 100.0 | 100.0 |   N/A |   N/A | 100.0 | 110.0
       Dungeon | 100.0 | 100.0 |   N/A |   N/A | 100.0 | 110.0
               +-------+-------+-------+-------+-------+----------------------

Table legend: (Time is in decaauts)
 A = Elapsed time spent in this place.
 B = Non-inter-level travel time spent in this place.
 C = Inter-level travel time spent in this place.
 D = Time resting spent in this place.
 E = Time spent auto-exploring this place.
 F = Levels seen in this place.
 G = Mean time per level.
                   A        B        C        D        E       F      G
               +--------+--------+--------+--------+--------+-----+--------+
         Total |   3823 |   3692 |    131 |    165 |   2995 |   4 |  955.8 |
       Dungeon |   3823 |   3692 |    131 |    165 |   2995 |   4 |  955.8 |
               +--------+--------+--------+--------+--------+-----+--------+

Top non-repeatable levels by time:
     D:3: 1132 daAuts
     D:2: 1055 daAuts
     D:4: 969 daAuts
     D:1: 666 daAuts
